 Dungeon Crawl Stone Soup version 0.20.1-1-g8b1a95d (webtiles) character file.

1793394 TenguReborn the Acrobat (level 27, 100/195 HPs)
             Began as a Tengu Artificer on Nov 21, 2017.
             Was the Champion of Trog.
             Escaped with the Orb
             ... and 3 runes on Nov 28, 2017!
             The game lasted 12:49:54 (70193 turns).

TenguReborn the Acrobat (Tengu Artificer)          Turns: 70193, Time: 12:49:55

Health: 100/195    AC: 44    Str: 23    XL:     27
Magic:  38/38      EV: 43    Int:  9    God:    Trog [******]
Gold:   6187       SH: 12    Dex: 24    Spells: 26/26 levels left

rFire    + + +     SeeInvis +   b - +18 lance "Wyrmbane" {slay drac, rPois rF+ rC+ AC+3}
rCold    + + +     Gourm    .   U - +2 buckler {rC+ rF+}
rNeg     + + .     Faith    .   u - +8 pearl dragon scales
rPois    +         Spirit   .   (helmet restricted)
rElec    +         Reflect  .   W - +4 dragonskin cloak
rCorr    .         Harm     .   K - +4 pair of gloves of Misanthropy {-Cast MR+ Str+4}
MR       +++++     Clarity  +   (boots unavailable) Stlth +.........NoCast +
                                x - necklace of Bloodlust {*Rage +Rage MR++ Int-3 Slay+6 *Curse}
Regen    0.5/turn               n - ring "Xoeh" {rElec rC++ EV+3 SInv Stlth-}
MPRegen  0.3/turn               T - ring of Otibbur {+Blink rElec rN+ Dex+3 Stlth+}

@: flying quickly and evasively, quick
A: beak, talons 3, clarity, fire resistance 1, magic resistance 1, wild magic 1,
able to fly 2
0: Orb of Zot
}: 3/15 runes: decaying, serpentine, silver
a: Stop Flying, Berserk, Trog's Hand, Brothers in Arms, Burn Spellbooks,
Renounce Religion, Evoke Blink, Evoke Berserk Rage


You escaped.
You worshipped Trog.
Trog was exalted by your worship.
You were not hungry.

You visited 10 branches of the dungeon, and saw 50 of its levels.
You also visited: Trove, Ice Cave, Wizlab and Desolation.

You collected 9192 gold pieces.
You spent 3005 gold pieces at shops.

Inventory:

Hand Weapons
 a - a +8 trishula of holy wrath
 b - the +18 lance "Wyrmbane" (weapon) {slay drac, rPois rF+ rC+ AC+3}
   (You found it on level 12 of the Dungeon)

   It affects your AC (+3).
   It protects you from fire.
   It protects you from cold.
   It protects you from poison.
Missiles
 v - 8 steel javelins
 S - 8 throwing nets (quivered)
Armour
 u - +8 pearl dragon scales (worn)
 z - a scarf of spirit shield
 K - the +4 pair of gloves of Misanthropy (worn) {-Cast MR+ Str+4}
   (You acquired it on level 11 of the Dungeon)

   It affects your strength (+4).
   It affects your resistance to hostile enchantments.
   It prevents spellcasting.
 U - a +2 buckler of resistance (worn)
 W - the +4 dragonskin cloak (worn)
   (You took it off Tiamat on level 2 of the Realm of Zot)
Jewellery
 n - the ring "Xoeh" (left hand) {rElec rC++ EV+3 SInv Stlth-}
   (You found it in the Desolation of Salt)

   [ring of evasion]

   It affects your evasion (+3).
   It greatly protects you from cold.
   It insulates you from electricity.
   It lets you see invisible.
   It makes you less stealthy.
 x - the necklace of Bloodlust (around neck) {*Rage +Rage MR++ Int-3 Slay+6 *Curse}
   (You found it in a treasure trove)

   [amulet of rage]

   It affects your intelligence (-3).
   It affects your accuracy and damage with ranged weapons and melee attacks
   (+6).
   It affects your resistance to hostile enchantments.
   It lets you go berserk.
   It may make you go berserk in combat.
   It curses itself when equipped.
 E - an uncursed ring of resist corrosion
 T - the ring of Otibbur (right hand) {+Blink rElec rN+ Dex+3 Stlth+}
   (You found it in the Desolation of Salt)

   [ring of positive energy]

   It affects your dexterity (+3).
   It insulates you from electricity.
   It protects you from negative energy.
   It lets you blink.
   It makes you more stealthy.
Wands
 d - a wand of acid (9/15)
 j - a wand of enslavement (1/24)
 G - a wand of paralysis (7/24)
 O - a wand of digging (7/24)
 P - a wand of scattershot (4/9)
 V - a wand of clouds (5/9)
Scrolls
 e - 2 scrolls of summoning
 h - 3 scrolls of fog
 i - 2 scrolls of vulnerability
 m - 7 scrolls of silence
 q - 3 scrolls of magic mapping
 w - 15 scrolls of teleportation
 y - 5 scrolls of fear
 D - a scroll of blinking
 L - 3 scrolls of holy word
 N - 6 scrolls of recharging
Potions
 k - 9 potions of haste
 p - 6 potions of heal wounds
 r - 2 potions of invisibility
 s - 2 potions of magic
 t - 12 potions of curing
 A - 6 potions of cancellation
 B - 3 potions of resistance
 I - 12 potions of might
 Q - 5 potions of ambrosia
 Y - 2 potions of agility
Miscellaneous
 g - a lightning rod (2/4)
 l - a phial of floods
 F - 2 sacks of spiders
 J - a fan of gales
 M - a box of beasts
 R - 3 phantom mirrors
 X - a lamp of fire
Comestibles
 f - 25 bread rations


   Skills:
 + Level 25.7 Fighting
   Level 5.0(9.3) Short Blades
   Level 12.0(12.3) Long Blades
 - Level 12.0 Polearms
 + Level 25.6 Armour
 + Level 26.0 Dodging
 - Level 5.0 Stealth
 + Level 18.4 Shields
 - Level 20.1 Evocations


You had 26 spell levels left.
You didn't know any spells.

Dungeon Overview and Level Annotations

Branches:
Dungeon (15/15)            Temple (1/1) D:7            Lair (6/6) D:8
  Swamp (4/4) Lair:4        Snake (4/4) Lair:4        Slime (0/5) Lair:5
    Orc (2/2) D:12            Elf (0/3) Orc:2        Vaults (5/5) D:14
  Crypt (3/3) Vaults:2       Tomb (0/3) Crypt:3      Depths (5/5) D:15
    Zot (5/5) Depths:5

Altars:
Ashenzari
Cheibriados
Dithmenos
Elyvilon
Fedhas
Gozag
Hepliaklqana
Kikubaaqudgha
Makhleb
Nemelex Xobeh
Okawaru
Qazlal
Ru
Sif Muna
Trog
Uskayaw
Vehumet
Xom
Yredelemnul
Zin
The Shining One
Beogh
Jiyva
Lugonu

Shops:
D:5 }   D:11 :*?}   Orc:2 ([*=   Snake:1 }   Vaults:2 [   Vaults:5 (

Portals:
Hell: Depths:1 Depths:2 Depths:3 Depths:4 Depths:5
Abyss: Depths:4
Pandemonium: Depths:3
Ziggurat: Depths:4


Innate Abilities, Weirdness & Mutations

You have a beak for a mouth.
You have claws for feet.
You can fly continuously.
You possess an exceptional clarity of mind.
Your flesh is heat resistant. (rF+)
You are resistant to hostile enchantments. (MR+)
Your spells are a little harder to cast, but a little more powerful.


Message History

The damnation engulfs the Hell Sentinel.
The Hell Sentinel completely resists.
You take 40 damage, and have 64/195 hp.
MASSIVE DAMAGE!!
You hit the Hell Sentinel but do no damage.
You claw the Hell Sentinel, but do no damage.
You peck the Hell Sentinel, but do no damage.
The Hell Sentinel is almost dead.
The Hell Sentinel completely misses you.
The Hell Sentinel closely misses you.
You impale the Hell Sentinel!!
You kill the Hell Sentinel!
Trog accepts your kill.
You eat one of the 26 bread rations.
That bread ration really hit the spot!
You feel much better.
You regained 29 hp, and now have 95/195 hp.
Your +8 trishula of holy wrath stops glowing.
You feel an overwhelming desire to slay dragons!
b - the +18 lance "Wyrmbane" (weapon)
{slay drac, rPois rF+ rC+ AC+3}
There is a staircase leading out of the dungeon here.
You have escaped!

##....#####...
###.......#.....
##...............
##................
#.................
##.............####
#.........###### #
###...##### #@####
###


There were no monsters in sight!

Vanquished Creatures
  Tiamat (Zot:2)
  7 orbs of fire
  3 ancient liches (Zot:5)
  3 juggernauts
  Mennas (Vaults:4)
  A greater mummy (Crypt:3)
  Sojobo (Vaults:4)
  Boris (thrice) (Vaults:2 Crypt:1 Depths:3)
  Bai Suzhen (Depths:1)
  6 Killer Klowns
  Saint Roka (Orc:2)
  the Lernaean hydra (Swamp:4)
  Xtahua (Vaults:2)
  3 caustic shrikes
  2 curse toes
  12 golden dragons
  A golden dragon (shapeshifter) (Vaults:5)
  A profane servitor (Crypt:2)
  A bone dragon (Depths:5)
  Jory (Crypt:2)
  Jorgrun (Vaults:2)
  A shard shrike zombie (Crypt:2)
  21 tentacled monstrosities
  26 Orb Guardians
  3 liches
  A Hell Sentinel (D:1)
  6 quicksilver dragons
  9 titans
  3 acid blobs (Depths:5)
  Frances (Snake:2)
  6 ancient champions
  10 death cobs
  A large abomination (Vaults:5)
  10 sphinxes
  8 shadow dragons
  Kirke (Lair:5)
  10 tengu reavers
  16 storm dragons
  3 azure jellies (Depths:5)
  2 nagarajas
  A revenant (Crypt:2)
  3 deep elf sorcerers (Vaults:5)
  2 draconian monks
  17 frost giants
  A ghost moth (shapeshifter) (Depths:3)
  5 draconian knights
  Louise (Swamp:4)
  19 fire giants
  3 ghouls
  An orc warlord (Vaults:5)
  23 vault wardens
  2 iron dragons
  3 imperial myrmidons (Desolation)
  4 draconian scorchers
  Aizul (Snake:2)
  8 draconian shifters
  5 draconian annihilators
  24 ironheart preservers
  2 spriggan defenders
  9 draconian stormcallers
  The ghost of bananaglory the Arsonist, a journeyman DrWz of Sif Muna (Orc:2)
  An angel (Depths:4)
  35 very ugly things
  A reaper (IceCv)
  2 war gargoyles (Vaults:5)
  13 vampire knights
  16 green draconians
  26 stone giants
  15 black draconians
  2 deep elf demonologists
  2 lorocyprocas
  12 yellow draconians
  A deep elf annihilator (Vaults:5)
  12 purple draconians
  11 red draconians
  2 halazid warlocks (Desolation)
  14 white draconians
  An orange crystal statue (WizLab)
  14 ettins
  3 minotaurs (Depths:2)
  6 deep elf death magi
  3 mummy priests (Crypt:3)
  2 crystal guardians
  Snorg (Orc:1)
  4 eidola
  8 death oozes (Depths:5)
  17 ogre magi
  4 jiangshi
  12 fire dragons
  3 merfolk impalers (Depths:2)
  27 yaktaur captains
  5 ragged hierophants (Desolation)
  2 deep elf high priests
  8 servants of whispers (Desolation)
  4 rakshasas
  12 great orbs of eyes
  44 vault guards
  A quicksilver dragon skeleton (Crypt:3)
  26 hydras
  7 peacekeepers
  A hell beast (Depths:3)
  13 ice dragons
  Erica (Lair:1)
  5 naga warriors
  3 spriggan air magi
  5 catoblepae
  3 death knights
  10 anacondas
  42 two-headed ogres
  6 alligators
  8 tengu warriors
  22 centaur warriors
  17 deep troll earth magi
  21 deep troll shamans
  An alligator (shapeshifter) (Vaults:1)
  6 death yaks (Lair:6)
  4 spriggan berserkers
  9 naga sharpshooters
  6 vampire magi
  2 orc high priests
  A hell knight (Depths:1)
  8 shock serpents
  A soul eater (Crypt:3)
  3 deep elf knights
  A fire crab (Depths:1)
  3 salamander mystics
  27 skeletal warriors
  Nergalle (Orc:2)
  2 shadow wraiths (Crypt:2)
  53 deep trolls
  3 small abominations (Vaults:5)
  2 storm dragon skeletons
  2 sixfirhies
  5 iron trolls
  5 glowing orange brains
  3 spriggan druids
  9 flayed ghosts
  3 unseen horrors
  8 deep elf archers
  5 wizards
  An obsidian statue (Zot:5)
  2 shambling mangroves
  22 phantasmal warriors
  Pikel (D:6)
  6 naga ritualists
  A lindwurm (Depths:1)
  6 swamp dragons (Swamp:4)
  A tengu zombie (Vaults:4)
  6 necromancers
  2 wolf spider zombies
  14 oklob plants
  A mana viper (shapeshifter) (Vaults:5)
  18 ironbrand convokers
  3 orc sorcerers
  13 orc knights
  A frost giant zombie (Vaults:2)
  An orb spider (shapeshifter) (Vaults:1)
  16 deep elf magi
  7 wolf spiders
  A wolf spider (shapeshifter) (Vaults:5)
  49 ugly things
  2 tengu skeletons
  3 elephants (Lair:6)
  10 mana vipers
  3 cyclopes
  6 manticores
  A sphinx skeleton (Crypt:2)
  5 salamanders
  27 moths of wrath
  6 centaur zombies
  A stone giant zombie (Vaults:4)
  A black mamba (shapeshifter) (Vaults:4)
  33 black mambas
  2 ice statues (IceCv)
  A rust devil (Depths:3)
  7 guardian serpents
  An eye of devastation (shapeshifter) (Depths:2)
  4 naga magi
  15 vault sentinels
  3 molten gargoyles
  A gargoyle (D:14)
  A smoke demon (Zot:5)
  16 spiny frogs
  A spiny frog (shapeshifter) (Vaults:2)
  2 rime drakes (D:14)
  A yaktaur (shapeshifter) (Vaults:3)
  13 porcupines
  80 yaktaurs
  10 komodo dragons
  10 ice devils
  A harpy zombie (Crypt:2)
  An anaconda simulacrum (Crypt:3)
  26 guardian mummies (Crypt:3)
  2 human skeletons
  A minotaur zombie (Crypt:2)
  13 freezing wraiths
  4 tyrant leeches
  2 queen bees (shapeshifter)
  An entropy weaver simulacrum (Vaults:2)
  A black draconian skeleton (Crypt:1)
  6 tengu conjurers
  2 red devils
  2 sea snake skeletons (Crypt:3)
  2 hellwings (Zot:5)
  2 queen bees
  A troll (shapeshifter) (Depths:2)
  2 polar bears
  The ghost of homeworkjunkie the Chopper, an amateur HOFi (D:4)
  12 trolls
  A slime creature (shapeshifter) (D:15)
  8 hornets
  A hydra skeleton (Crypt:2)
  2 dream sheep (D:9)
  A raiju (shapeshifter) (Vaults:5)
  3 meliai zombies
  36 saltlings (Desolation)
  An ettin zombie (Crypt:2)
  60 slime creatures
  3 blink frogs (Lair:5)
  10 bog bodies
  8 hippogriffs
  A guardian serpent skeleton (Crypt:2)
  Sigmund (D:3)
  12 flying skulls
  A centaur simulacrum (D:12)
  2 air elementals (Depths:4)
  A black mamba zombie (Crypt:1)
  5 shadows
  A tarantella (shapeshifter) (Vaults:4)
  14 water elementals
  4 spriggans
  7 wraiths
  An alligator skeleton (Crypt:3)
  A redback (shapeshifter) (Vaults:3)
  A spriggan (shapeshifter) (Depths:2)
  A fire dragon skeleton (Crypt:2)
  48 orc warriors
  45 yaks
  2 hogs (shapeshifter)
  4 wyverns
  A vampire (D:10)
  5 hogs (Lair:5)
  16 humans (D:14)
  7 basilisks
  2 fire elementals (Depths:1)
  18 vampire mosquitoes
  A chaos spawn (Depths:2)
  14 ushabtiu (Crypt:3)
  3 hungry ghosts
  4 wargs
  An emperor scorpion simulacrum (Crypt:3)
  A soldier ant (D:14)
  6 acid dragons
  18 insubstantial wisps
  21 swamp worms
  28 nagas
  An acid dragon (shapeshifter) (Depths:5)
  10 water moccasins
  4 floating eyes
  A hell hound (Depths:3)
  A water nymph skeleton (Crypt:2)
  A floating eye (shapeshifter) (Vaults:3)
  3 sky beasts
  14 swamp drakes
  3 black bears
  2 phantoms
  8 ice beasts
  A spiny frog skeleton (Crypt:1)
  38 wolves
  A swamp dragon zombie (Crypt:1)
  2 eyes of draining
  18 boggarts
  A boggart (shapeshifter) (Vaults:3)
  An eye of draining (shapeshifter) (Vaults:4)
  An ettin simulacrum (Vaults:3)
  33 centaurs
  45 ogres
  2 necrophages
  A tengu (shapeshifter) (Vaults:1)
  A lindwurm skeleton (Crypt:3)
  18 crocodiles
  A manticore skeleton (Crypt:3)
  A rime drake zombie (Crypt:1)
  A centaur (shapeshifter) (Vaults:1)
  4 big kobolds
  Blork the orc (D:6)
  A hippogriff zombie (Crypt:2)
  17 bullfrogs
  A gnoll sergeant (Orc:1)
  2 human zombies
  2 wyvern zombies
  An elf skeleton (Crypt:2)
  A water moccasin zombie (D:5)
  A scorpion (shapeshifter) (Vaults:5)
  3 scorpions
  49 killer bees
  A water moccasin skeleton (D:8)
  12 wights
  2 electric eels (Lair:6)
  6 howler monkeys
  A bullfrog zombie (D:5)
  7 crimson imps
  2 lava snakes (Depths:1)
  22 orc priests
  11 hounds
  2 bullfrog skeletons
  10 jellies
  Jessica (D:3)
  A black bear skeleton (Crypt:1)
  7 iguanas
  A basilisk skeleton (Crypt:3)
  Ijyb (D:3)
  Natasha (twice) (D:4 D:6)
  19 orc wizards
  8 centaur skeletons
  6 hell rats (Lair:5)
  7 worker ants
  A hound skeleton (D:5)
  11 mummies
  2 worker ant zombies
  Robin (D:3)
  7 gnolls (Orc:1)
  11 adders
  3 shadow imps
  7 white imps (IceCv)
  9 ufetubi
  4 oozes
  2 adder zombies
  3 worms (D:3)
  3 dart slugs
  12 leopard geckos
  91 orcs
  9 giant cockroaches
  12 goblins
  7 hobgoblins
  13 jackals
  8 kobolds
  6 quokkas
  A ball python (D:4)
  2 bats
  2 frilled lizards
  A frilled lizard skeleton (Crypt:2)
  A goblin zombie (Crypt:2)
  A hobgoblin zombie (Crypt:1)
  A leopard gecko zombie (Crypt:2)
  An orc skeleton (Crypt:3)
  2 quokka skeletons
  A quokka zombie (D:5)
  9 rats
  A bush (Lair:5)
  4 crawling corpses (Vaults:5)
  A plant (Lair:5)
2662 creatures vanquished.

Vanquished Creatures (collateral kills)
  Mara (Vaults:3)
  2 nagarajas (Snake:4)
  2 naga warriors (Snake:4)
  A death knight (D:13)
  2 anacondas (Snake:4)
  A two-headed ogre (Vaults:2)
  An ogre mage (Vaults:2)
  A naga sharpshooter (Snake:4)
  A naga ritualist (Snake:1)
  A mana viper (Snake:1)
  3 salamanders (Snake:2)
  2 black mambas (Snake:4)
  A guardian serpent (Snake:4)
  A smoke demon (D:1)
  A hungry ghost (D:8)
  A chaos spawn (D:2)
  12 nagas
  A water moccasin (Lair:4)
  A crocodile (D:8)
  A crimson imp (D:7)
  2 orc priests (Orc:2)
  A jelly (D:7)
  3 gnolls (D:7)
  An adder (D:2)
  A shadow imp (D:8)
  An orc (D:7)
  A frilled lizard (D:1)
47 creatures vanquished.

Vanquished Creatures (others)
  2 Orb Guardians (Zot:5)
  A death cob (Zot:5)
  A ghost moth (Zot:5)
  A draconian shifter (Zot:5)
  A tengu warrior (Depths:2)
  A wizard (Depths:1)
  A black mamba (Snake:2)
  A spiny frog (Lair:5)
  A blink frog (Lair:5)
  A hippogriff (Lair:4)
  A naga (Snake:4)
  An ogre (Depths:2)
  A bullfrog (D:6)
  A killer bee (Lair:2)
  A crimson imp (D:6)
  Natasha (D:6)
  2 white imps (IceCv)
  4 ufetubi (IceCv)
  An orc (Vaults:4)
  2 bushes (Zot:4)
  24 fungi
  26 plants
  2 withered plants (D:15)
78 creatures vanquished.

Grand Total: 2787 creatures vanquished

Notes
Turn   | Place    | Note
-------+----------+-------------------------------------------
     0 | D:1      | TenguReborn the Tengu Artificer began the quest for the Orb.
     0 | D:1      | Reached XP level 1. HP: 12/12 MP: 4/4
   341 | D:1      | Reached XP level 2. HP: 15/16 MP: 5/5
   696 | D:1      | Reached XP level 3. HP: 20/20 MP: 7/7
  1204 | D:2      | Reached XP level 4. HP: 14/26 MP: 8/8
  1257 | D:2      | Reached skill level 1 in Armour
  1881 | D:3      | Reached skill level 1 in Shields
  1905 | D:3      | Noticed Robin
  2014 | D:3      | Killed Robin
  2125 | D:3      | Gained mutation: You can fly. [Tengu growth]
  2125 | D:3      | Reached XP level 5. HP: 29/30 MP: 9/9
  2357 | D:3      | Noticed Sigmund
  2367 | D:3      | Killed Sigmund
  2367 | D:3      | Reached skill level 5 in Evocations
  2367 | D:3      | Reached XP level 6. HP: 27/35 MP: 10/10
  2952 | D:3      | Noticed Ijyb
  2954 | D:3      | Noticed Jessica
  2958 | D:3      | Killed Ijyb
  2967 | D:3      | Killed Jessica
  3200 | D:4      | Noticed homeworkjunkie's ghost (amateur HOFi)
  3263 | D:4      | Noticed Natasha
  3266 | D:4      | Killed Natasha
  3384 | D:4      | Reached XP level 7. HP: 40/40 MP: 10/12
  4025 | D:5      | Entered Level 5 of the Dungeon
  4339 | D:5      | Reached XP level 8. HP: 11/46 MP: 12/14
  4689 | D:5      | Found Geabarentu's Gadget Shoppe.
  5045 | D:6      | Found a stormy altar of Qazlal.
  5212 | D:6      | Noticed Pikel
  5225 | D:6      | Reached skill level 5 in Fighting
  5225 | D:6      | Reached XP level 9. HP: 40/54 MP: 13/16
  5239 | D:6      | Killed Pikel
  5671 | D:6      | Noticed Blork the orc
  5675 | D:6      | Killed Blork the orc
  5789 | D:6      | Killed Natasha
  5827 | D:6      | Found a shimmering altar of Xom.
  5829 | D:6      | Found a white marble altar of Elyvilon.
  5829 | D:6      | Found a snail-covered altar of Cheibriados.
  5838 | D:6      | Found a sacrificial altar of Ru.
  5838 | D:6      | Found a sacrificial altar of Ru.
  5838 | D:6      | Found a white marble altar of Elyvilon.
  5882 | D:6      | Noticed Natasha
  5887 | D:6      | Killed Natasha
  5993 | D:7      | Found a hazy altar of Hepliaklqana.
  6018 | D:7      | Reached skill level 10 in Evocations
  6044 | D:7      | Found a staircase to the Ecumenical Temple.
  6053 | Temple   | Entered the Ecumenical Temple
  6346 | Temple   | Became a worshipper of Trog the Wrathful
  6496 | D:7      | Reached skill level 3 in Dodging
  6565 | D:7      | Got a fine ring mail
  6581 | D:7      | Identified the +1 ring mail of the Disturbing Gods {*Contam rElec MR+ Dex+4} (You found it on level 7 of the Dungeon)
  6923 | D:8      | Reached XP level 10. HP: 19/60 MP: 18/18
  7004 | D:8      | Reached * piety under Trog
  7004 | D:8      | Reached skill level 4 in Dodging
  7526 | D:8      | Noticed a two-headed ogre
  7536 | D:8      | Killed a two-headed ogre
  7596 | D:8      | Identified a scroll of acquirement
  7693 | D:8      | Reached skill level 5 in Dodging
  8136 | D:8      | Found a staircase to the Lair.
  8159 | D:8      | Reached skill level 5 in Short Blades
  8159 | D:8      | Reached skill level 5 in Shields
  8164 | Lair:1   | Entered Level 1 of the Lair of Beasts
  8371 | Lair:1   | Noticed a spiny frog
  8393 | Lair:1   | Killed a spiny frog
  8855 | Lair:1   | Reached skill level 6 in Dodging
  8855 | Lair:1   | Reached ** piety under Trog
  8857 | Lair:1   | Reached XP level 11. HP: 61/67 MP: 17/20
  9249 | Lair:1   | Noticed Erica
  9259 | Lair:1   | Killed Erica
  9259 | Lair:1   | Reached skill level 7 in Dodging
  9528 | Lair:2   | Reached skill level 1 in Long Blades
 10001 | Lair:2   | Reached *** piety under Trog
 10176 | Lair:2   | Reached skill level 8 in Dodging
 11412 | Lair:3   | Reached skill level 5 in Long Blades
 11941 | Lair:4   | Reached XP level 12. HP: 75/75 MP: 22/22
 12491 | Lair:4   | Found a staircase to the Snake Pit.
 12543 | Lair:4   | Found a staircase to the Swamp.
 12608 | Lair:4   | Reached **** piety under Trog
 12706 | Lair:4   | Reached skill level 9 in Dodging
 14014 | Lair:5   | Noticed an alligator
 14042 | Lair:5   | Killed an alligator
 14573 | Lair:5   | Reached ***** piety under Trog
 14574 | Lair:5   | Reached skill level 5 in Stealth
 14632 | Lair:5   | Reached XP level 13. HP: 68/80 MP: 21/23
 14689 | Lair:5   | Found a viscous altar of Jiyva.
 14689 | Lair:5   | Found a staircase to the Slime Pits.
 15232 | Lair:5   | Noticed Kirke
 15245 | Lair:5   | Killed Kirke
 15319 | Lair:6   | Entered Level 6 of the Lair of Beasts
 15392 | Lair:6   | Reached skill level 10 in Dodging
 15691 | Lair:6   | Reached skill level 10 in Fighting
 15866 | Lair:6   | Reached skill level 10 in Long Blades
 16803 | Lair:6   | Received a gift from Trog
 17134 | Lair:6   | Gained mutation: You can fly continuously. [Tengu growth]
 17134 | Lair:6   | Reached XP level 14. HP: 88/88 MP: 22/24
 17186 | Lair:6   | Got a jewelled crystal plate armour
 17211 | Lair:6   | Identified the +0 crystal plate armour of Day {*Corrode Str+5} (You found it on level 6 of the Lair of Beasts)
 17714 | D:9      | Got a pitted leather armour
 17725 | D:9      | Identified the +2 leather armour "Jearr" {rF+ rC+ Int+4} (You found it on level 9 of the Dungeon)
 18375 | D:9      | Reached skill level 11 in Dodging
 18802 | D:4      | Killed homeworkjunkie's ghost
 19016 | D:10     | Entered Level 10 of the Dungeon
 19525 | D:10     | Received a gift from Trog
 19968 | D:11     | Found Huexuiza's General Store.
 19978 | D:11     | Found Fothrenk's Gadget Shoppe.
 19978 | D:11     | Found Leoseaf's Book Shoppe.
 19992 | D:11     | Found Ykheran's Magic Scroll Shoppe.
 20143 | D:11     | Bought a scroll of identify for 36 gold pieces
 20143 | D:11     | Bought a scroll of identify for 36 gold pieces
 20152 | D:11     | Bought 2 scrolls of identify for 72 gold pieces
 20585 | D:11     | Found an opulent altar of Gozag.
 20626 | D:11     | Found a portal to a secret trove of treasure.
 20925 | D:11     | Got a slimy buckler
 20936 | D:11     | Identified the +0 buckler of the First Snow {*Contam rN++} (You acquired it on level 11 of the Dungeon)
 20945 | D:11     | Gained mutation: You tend to lose your temper in combat. [mutagenic glow]
 20948 | D:11     | Lost mutation: You tend to lose your temper in combat. [potion of mutation]
 20948 | D:11     | Gained mutation: You are weak. (Str -2) [potion of mutation]
 20948 | D:11     | Gained mutation: You have a pair of small antennae on your head. [potion of mutation]
 20948 | D:11     | Lost mutation: You are weak. (Str -2) [potion of mutation]
 20948 | D:11     | Gained mutation: You possess an exceptional clarity of mind. [potion of mutation]
 20953 | D:11     | Got a pair of smoking gloves
 20964 | D:11     | Identified the +4 pair of gloves of Misanthropy {-Cast MR+ Str+4} (You acquired it on level 11 of the Dungeon)
 21338 | D:12     | Reached ****** piety under Trog
 21358 | D:12     | Received a gift from Trog
 21408 | D:12     | Reached skill level 12 in Dodging
 21803 | D:12     | Got a jewelled hunting sling
 21804 | D:12     | Identified the +3 hunting sling "Qypto" {speed, Dex+3} (You found it on level 12 of the Dungeon)
 21817 | D:12     | Found a runed door.
 21828 | D:12     | Reached skill level 1 in Polearms
 21828 | D:12     | Reached XP level 15. HP: 70/96 MP: 26/26
 22488 | D:12     | Got a blackened hand axe
 22489 | D:12     | Identified the +1 hand axe of Resourcefulness {speed, +Blink rC++ rN+ Dex+4} (You found it on level 12 of the Dungeon)
 22580 | D:12     | Found a staircase to the Orcish Mines.
 22653 | Orc:1    | Entered Level 1 of the Orcish Mines
 22690 | Orc:1    | Noticed Snorg
 22692 | Orc:1    | Reached skill level 5 in Polearms
 22697 | Orc:1    | Received a gift from Trog
 22707 | Orc:1    | Killed Snorg
 22983 | Orc:2    | Entered Level 2 of the Orcish Mines
 23082 | Orc:1    | Found a roughly hewn altar of Beogh.
 23156 | Orc:2    | Noticed bananaglory's ghost (journeyman DrWz)
 23173 | Orc:2    | Killed bananaglory's ghost
 23434 | Orc:2    | Found a staircase to the Elven Halls.
 23514 | Orc:2    | Noticed Nergalle
 23518 | Orc:2    | Killed Nergalle
 23586 | Orc:2    | Noticed Saint Roka
 23631 | Orc:2    | Killed Saint Roka
 23779 | Orc:2    | Found a roughly hewn altar of Beogh.
 23834 | Orc:2    | Found Wuvusuph's Antique Weapon Boutique.
 23869 | Orc:2    | Found Mouhoerr's Antique Armour Boutique.
 23901 | Orc:2    | Bought an embroidered scarf for 232 gold pieces
 24053 | Orc:2    | Received a gift from Trog
 24071 | Orc:2    | Found Wyfeela's General Store.
 24086 | Orc:2    | Found Zityfill's Jewellery Boutique.
 24417 | Orc:2    | Bought a black opal-encrusted plate armour for 812 gold pieces
 24427 | Orc:2    | Identified the +11 plate armour of Byuvoupagh {rElec Str+2 Dex-5} (You bought it in a shop on level 2 of the Orcish Mines)
 24714 | D:13     | Reached skill level 10 in Polearms
 24812 | D:13     | Reached skill level 5 in Armour
 25031 | D:13     | Found a hazy altar of Hepliaklqana.
 25672 | Swamp:1  | Entered Level 1 of the Swamp
 25796 | Swamp:1  | Received a gift from Trog
 26567 | Swamp:2  | Reached XP level 16. HP: 69/101 MP: 27/27
 27965 | Swamp:4  | Entered Level 4 of the Swamp
 27998 | Swamp:4  | Noticed Louise
 28013 | Swamp:4  | Killed Louise
 28178 | Swamp:4  | Got a fine scale mail
 28189 | Swamp:4  | Identified the cursed +0 scale mail "Nerauf" {rC+} (You found it on level 4 of the Swamp)
 28546 | D:8      | Received a gift from Trog
 28827 | Swamp:4  | Noticed a tentacled monstrosity
 28848 | Swamp:4  | Killed a tentacled monstrosity
 28849 | Swamp:4  | Noticed the 27-headed Lernaean hydra
 28863 | Swamp:4  | Killed the 27-headed Lernaean hydra
 28871 | Swamp:4  | Reached skill level 10 in Armour
 29299 | Swamp:4  | Got a decaying rune of Zot
 29448 | Swamp:4  | Received a gift from Trog
 29868 | Snake:1  | Entered Level 1 of the Snake Pit
 29957 | Snake:1  | Found a hide-covered altar of Uskayaw.
 30350 | Snake:1  | Reached XP level 17. HP: 106/106 MP: 28/28
 30390 | Snake:1  | Found Fytifem's Gadget Emporium.
 30892 | Snake:2  | Noticed Aizul
 30906 | Snake:2  | Killed Aizul
 31201 | Snake:2  | Noticed Frances
 31220 | Snake:2  | Killed Frances
 31220 | Snake:2  | Reached skill level 10 in Shields
 31349 | Snake:2  | Received a gift from Trog
 33137 | Snake:4  | Entered Level 4 of the Snake Pit
 33830 | Snake:4  | Received a gift from Trog
 33881 | Snake:4  | Received a gift from Trog
 34283 | Snake:4  | Reached XP level 18. HP: 114/114 MP: 29/29
 34486 | Snake:4  | Got a serpentine rune of Zot
 35168 | D:14     | Received a gift from Trog
 35187 | D:14     | Found a frozen archway.
 35225 | IceCv    | Entered an ice cave
 35453 | IceCv    | Got a pair of translucent gloves
 35464 | IceCv    | Identified the +2 pair of gloves of Melancholy {rCorr Str+3 Dex+2} (You found it in an ice cave)
 36198 | D:14     | Found a gate to the Vaults.
 36258 | D:14     | Received a gift from Trog
 36657 | Orc:2    | Bought a jewelled large shield for 275 gold pieces
 36667 | Orc:2    | Identified the +2 large shield of Isesyoly {rPois rF- Dex+4} (You bought it in a shop on level 2 of the Orcish Mines)
 36694 | Orc:2    | Bought a scroll of acquirement for 936 gold pieces
 36840 | Vaults:1 | Entered Level 1 of the Vaults
 37260 | Vaults:1 | Received a gift from Trog
 37461 | Vaults:1 | Reached XP level 19. HP: 54/121 MP: 23/30
 37584 | Vaults:1 | Found a ruined gateway.
 37636 | Desolati | Entered the Desolation of Salt
 38260 | Desolati | Got a crude platinum ring
 38311 | Desolati | Identified the Volume of Nocuous Earth
 38320 | Desolati | Identified the ring of Otibbur {+Blink rElec rN+ Dex+3 Stlth+} (You found it in the Desolation of Salt)
 38322 | Desolati | Identified the ring of Taekhlo {SInv Stlth+} (You found it in the Desolation of Salt)
 38488 | Desolati | Received a gift from Trog
 38640 | Desolati | Got a steaming golden ring
 38642 | Desolati | Identified the ring "Xoeh" {rElec rC++ EV+3 SInv Stlth-} (You found it in the Desolation of Salt)
 38696 | Desolati | Identified the Compendium of Freezing Transmutation
 38781 | Desolati | Identified the Disquisition on Malediction and the Mountains
 38787 | Desolati | Identified the amulet "Poliotar" {RegenMP rC+ Str+3 Dex-2} (You found it in the Desolation of Salt)
 39142 | Desolati | Received a gift from Trog
 39517 | D:11     | You paid a toll of a +6 demon blade to enter a treasure trove
 39518 | Trove    | Entered a treasure trove
 39536 | Trove    | Got a warped lead amulet
 39548 | Trove    | Identified the amulet "Boal Moz" {+Rage rF- Int+9 Dex+6} (You found it in a treasure trove)
 39570 | Trove    | Got a faintly glowing hunting sling
 39571 | Trove    | Identified the +9 hunting sling of the Wolf {venom, MR+} (You found it in a treasure trove)
 39794 | Vaults:1 | Reached skill level 15 in Evocations
 39992 | Vaults:1 | Identified the Grimoire of Destructive Flight
 40933 | Vaults:1 | Reached skill level 15 in Armour
 41178 | Vaults:2 | Noticed Jorgrun
 41183 | Vaults:2 | Received a gift from Trog
 41191 | Vaults:2 | Killed Jorgrun
 41297 | Vaults:2 | Reached skill level 15 in Shields
 41302 | Vaults:2 | Found a staircase to the Crypt.
 41345 | Vaults:2 | Reached XP level 20. HP: 80/128 MP: 22/32
 41699 | Vaults:2 | Reached skill level 15 in Fighting
 42093 | Vaults:2 | Received a gift from Trog
 42344 | Vaults:2 | Found Fuqaed's Antique Armour Emporium.
 42346 | Vaults:2 | Noticed Boris
 42391 | Vaults:2 | Killed Boris
 42422 | Vaults:2 | Bought a shiny large shield for 255 gold pieces
 42845 | Vaults:2 | Received a gift from Trog
 43114 | Vaults:2 | Noticed Xtahua
 43150 | Vaults:2 | Killed Xtahua
 43296 | Vaults:2 | Reached skill level 13 in Dodging
 43773 | Vaults:3 | Received a gift from Trog
 44005 | Vaults:3 | Reached XP level 21. HP: 124/136 MP: 30/34
 44375 | Vaults:3 | Reached skill level 14 in Dodging
 44441 | Vaults:3 | Noticed Mara
 44455 | Vaults:3 | Killed Mara
 44579 | Vaults:3 | Received a gift from Trog
 45552 | Vaults:4 | Received a gift from Trog
 45614 | Vaults:4 | Noticed Mennas
 45682 | Vaults:4 | Killed Mennas
 45682 | Vaults:4 | Reached skill level 15 in Dodging
 45898 | D:15     | Entered Level 15 of the Dungeon
 45913 | D:15     | Received a gift from Trog
 46086 | D:15     | Reached XP level 22. HP: 144/144 MP: 35/35
 46446 | D:15     | Found a staircase to the Depths.
 46912 | Depths:1 | Entered Level 1 of the Depths
 47151 | Depths:1 | Received a gift from Trog
 47162 | Depths:1 | Found a magical portal.
 47222 | WizLab   | Entered Wucad Mu's Monastery
 47526 | WizLab   | Reached XP level 23. HP: 152/152 MP: 36/36
 47759 | Depths:1 | Noticed Bai Suzhen
 47768 | Depths:1 | Killed Bai Suzhen
 47811 | Depths:1 | Found a runed door.
 47862 | Depths:1 | Paralysed by a floating eye for 4 turns
 47873 | Depths:1 | Paralysed by a floating eye for 2 turns
 47941 | Depths:1 | Got a faintly glowing trident
 47942 | Depths:1 | Identified the cursed +1 trident of Odaq {pain, rElec Dex+3 Stlth+} (You found it on level 1 of the Depths)
 48033 | Depths:1 | Reached skill level 16 in Dodging
 48197 | Depths:1 | Noticed a caustic shrike
 48213 | Depths:1 | Killed a caustic shrike
 48305 | Depths:1 | Found a snail-covered altar of Cheibriados.
 48543 | Depths:1 | Identified the Papyrus of the Arsonist
 48581 | Depths:1 | Found a gateway to Hell.
 48670 | Depths:1 | Noticed a golden dragon
 48677 | Depths:1 | Killed a golden dragon
 48717 | Depths:1 | Received a gift from Trog
 49393 | Vaults:4 | Reached XP level 24. HP: 159/159 MP: 36/36
 49502 | Vaults:4 | Noticed Sojobo
 49514 | Vaults:4 | Killed Sojobo
 49692 | Vaults:4 | Reached skill level 17 in Dodging
 50162 | Vaults:5 | Entered Level 5 of the Vaults
 50175 | Vaults:5 | Received a gift from Trog
 50578 | Vaults:5 | Reached skill level 18 in Dodging
 50676 | Vaults:5 | Received a gift from Trog
 50688 | Vaults:5 | Got a silver rune of Zot
 51158 | Vaults:5 | Reached XP level 25. HP: 156/168 MP: 35/36
 51450 | Vaults:5 | Received a gift from Trog
 51806 | Vaults:5 | Got a pitted dagger {drain}
 51971 | Vaults:5 | Reached skill level 19 in Dodging
 52532 | Vaults:5 | Found Huttop's Antique Weapon Boutique.
 52540 | Vaults:5 | Identified the +5 dagger of Compound Interest {drain, rF+ MR+ Str+3 Int+6} (You took it off a deep elf death mage on level 5 of the Vaults)
 52546 | Vaults:5 | Bought a crude rapier for 351 gold pieces
 52546 | Vaults:5 | Identified the +11 rapier of Fear {pain, rN+ Str-4 Dex+6} (You bought it in a shop on level 5 of the Vaults)
 52868 | Crypt:1  | Entered Level 1 of the Crypt
 52997 | Crypt:1  | Received a gift from Trog
 53226 | Crypt:1  | Noticed Boris
 53242 | Crypt:1  | Killed Boris
 54412 | Crypt:2  | Noticed Jory
 54431 | Crypt:2  | Killed Jory
 54577 | Crypt:2  | Reached XP level 26. HP: 155/176 MP: 31/36
 54578 | Crypt:2  | Found a basalt altar of Yredelemnul.
 54667 | Crypt:2  | Identified Ziosch's Reference Book on Combat Magic and the Blaze
 54995 | Crypt:3  | Entered Level 3 of the Crypt
 55056 | Crypt:3  | Received a gift from Trog
 55315 | Crypt:3  | Found a staircase to the Tomb.
 55634 | Crypt:3  | Noticed a greater mummy
 55642 | Crypt:3  | Killed a greater mummy
 55718 | Crypt:3  | Got a scorched platinum ring
 55723 | Crypt:3  | Identified the ring "Xovveuro" {Ice rPois MP+9} (You took it off a greater mummy on level 3 of the Crypt)
 55873 | Crypt:3  | Received a gift from Trog
 56449 | Crypt:3  | Reached skill level 20 in Dodging
 57385 | Depths:2 | Received a gift from Trog
 57708 | Depths:2 | Found a runed door.
 57757 | Depths:2 | Noticed a juggernaut
 57764 | Depths:2 | Killed a juggernaut
 58244 | Depths:2 | Received a gift from Trog
 58308 | Depths:2 | Noticed a juggernaut
 58444 | Depths:2 | Killed a juggernaut
 58487 | Depths:2 | Received a gift from Trog
 58516 | Depths:2 | Reached XP level 27. HP: 183/183 MP: 37/37
 58599 | Depths:2 | Identified the +7 chain mail "Ireirph" {Int+4} (You found it on level 2 of the Depths)
 58686 | Depths:2 | Identified the cursed +3 hand crossbow "Eqecrix" {venom, +Inv Int+4} (You found it on level 2 of the Depths)
 58691 | Depths:2 | Got a slimy golden ring
 58693 | Depths:2 | Identified the ring of Xom's Malicious Joy {Fire rElec Str+5 Int-5 Dex+2} (You found it on level 2 of the Depths)
 59253 | Depths:3 | Received a gift from Trog
 59496 | Depths:3 | Noticed Boris
 59509 | Depths:3 | Killed Boris
 59584 | Depths:3 | Reached skill level 21 in Dodging
 59685 | Depths:3 | Found a runed door.
 59914 | Depths:3 | Found a one-way gate leading to the halls of Pandemonium.
 60485 | Depths:4 | Noticed a juggernaut
 60494 | Depths:4 | Killed a juggernaut
 61211 | Depths:3 | Received a gift from Trog
 61633 | Depths:4 | Found a gateway to a ziggurat.
 61701 | Depths:4 | Found a corrupted altar of Lugonu.
 61705 | Depths:4 | Found a one-way gate to the infinite horrors of the Abyss.
 62070 | Depths:5 | Entered Level 5 of the Depths
 62130 | Depths:5 | Reached skill level 22 in Dodging
 62232 | Depths:5 | Received a gift from Trog
 62321 | Depths:5 | Found a viscous altar of Jiyva.
 62612 | Depths:5 | Found a gate to the Realm of Zot.
 62625 | Depths:5 | Received a gift from Trog
 62910 | Depths:5 | Reached skill level 23 in Dodging
 63347 | Zot:1    | Entered Level 1 of the Realm of Zot
 63918 | Zot:1    | Received a gift from Trog
 64366 | Zot:2    | Noticed an orb of fire
 64382 | Zot:2    | Killed an orb of fire
 64521 | Zot:2    | Noticed an orb of fire
 64532 | Zot:2    | Gained mutation: Your magical capacity is low. (-10% MP) [an orb of fire]
 64537 | Zot:2    | Killed an orb of fire
 64663 | Zot:2    | Noticed Tiamat
 64688 | Zot:2    | Killed Tiamat
 64833 | Zot:2    | Reached skill level 24 in Dodging
 65296 | Zot:3    | Received a gift from Trog
 65665 | Zot:3    | Identified the +4 trident of Wondrous Power {venom, *Corrode Dex+5} (You took it off a draconian annihilator on level 3 of the Realm of Zot)
 66648 | Zot:4    | Received a gift from Trog
 66886 | Zot:4    | Noticed an orb of fire
 66907 | Zot:4    | Killed an orb of fire
 66953 | Zot:4    | Identified the +6 rapier "Demonslayer" {freeze, rF- Int+4 Dex+3} (You found it on level 4 of the Realm of Zot)
 67064 | Zot:4    | Reached skill level 25 in Dodging
 68012 | Zot:5    | Entered Level 5 of the Realm of Zot
 68520 | Zot:5    | Noticed an orb of fire
 68760 | Zot:5    | Received a gift from Trog
 68854 | Zot:5    | Noticed an orb of fire
 68863 | Zot:5    | Gained mutation: You are dopey. (Int -2) [an orb of fire]
 68871 | Zot:5    | Killed an orb of fire
 68887 | Zot:5    | Noticed an ancient lich
 68897 | Zot:5    | Noticed an ancient lich
 68907 | Zot:5    | Killed an ancient lich
 68944 | Zot:5    | Killed an ancient lich
 69051 | Zot:5    | Noticed an orb of fire
 69061 | Zot:5    | Killed an orb of fire
 69065 | Zot:5    | Noticed an ancient lich
 69073 | Zot:5    | Killed an ancient lich
 69226 | Zot:5    | Noticed an orb of fire
 69237 | Zot:5    | Killed an orb of fire
 69401 | Zot:5    | Noticed an orb of fire
 69413 | Zot:5    | Killed an orb of fire
 69493 | Zot:5    | Got the Orb of Zot
 69584 | Zot:5    | Lost mutation: You possess an exceptional clarity of mind. [potion of mutation]
 69584 | Zot:5    | Lost mutation: Your magical capacity is low. (-10% MP) [potion of mutation]
 69584 | Zot:5    | Lost mutation: You are dopey. (Int -2) [potion of mutation]
 69584 | Zot:5    | Lost mutation: You have a pair of small antennae on your head. [potion of mutation]
 69584 | Zot:5    | Gained mutation: You are resistant to hostile enchantments. (MR+) [potion of mutation]
 69584 | Zot:5    | Gained mutation: Your flesh is heat resistant. (rF+) [potion of mutation]
 69584 | Zot:5    | Gained mutation: You possess an exceptional clarity of mind. [potion of mutation]
 69584 | Zot:5    | Gained mutation: Your spells are a little harder to cast, but a little more powerful. [potion of mutation]
 69731 | Depths:5 | Reached skill level 26 in Dodging
 70119 | D:2      | Received a gift from Trog
 70193 | D:$      | Escaped with the Orb!

Skill      XL: |  1  2  3  4  5  6  7  8  9 10 11 12 13 14 15 16 17 18 19 20 21 22 23 24 25 26 27 |
---------------+----------------------------------------------------------------------------------+-----
Evocations     | 4 5 6 8 10 11 12 13 14 15 16 17 19 20 | 20.1
Armour         | 2 3 4 6 11 13 14 15 16 17 18 20 21 22 25 | 25.6
Fighting       | 2 3 5 6 7 8 9 10 11 12 13 14 15 17 18 19 20 21 25 | 25.7
Shields        | 1 2 3 5 6 9 11 13 15 18 | 18.4
Short Blades   | 2 3 5 |  5.0
Dodging        | 3 6 8 9 10 12 13 15 16 18 19 20 26 | 26.0
Long Blades    | 5 9 11 12 | 12.0
Stealth        | 2 5 |  5.0
Polearms       | 1 11 12 | 12.0

Action                   |  1- 3 |  4- 6 |  7- 9 | 10-12 | 13-15 | 16-18 | 19-21 | 22-24 | 25-27 || total
-------------------------+-------+-------+-------+-------+-------+-------+-------+-------+-------++-------
Melee: Short sword       |    58 |    69 |    40 |     4 |       |       |       |       |       ||   171
       Kick              |    20 |    38 |    69 |   228 |   478 |   538 |   838 |   441 |  1421 ||  4071
       Peck              |     8 |    23 |    45 |   138 |   308 |   336 |   505 |   260 |   871 ||  2494
       Dagger            |       |    82 |   163 |   525 |   192 |       |       |       |       ||   962
       Scimitar          |       |       |       |     9 |   490 |       |       |       |       ||   499
       Lance             |       |       |       |       |   581 |  1725 |  1919 |  1008 |  2768 ||  8001
       Double sword      |       |       |       |       |       |       |    32 |    50 |    47 ||   129
       Trishula          |       |       |       |       |       |       |    26 |    37 |   666 ||   729
Throw: Stone             |    67 |    74 |     6 |       |       |       |       |       |       ||   147
       Tomahawk          |       |       |    19 |    30 |    47 |       |       |       |       ||    96
       Javelin           |       |       |       |       |     4 |    14 |     4 |     5 |    15 ||    42
       Throwing net      |       |       |       |       |       |     1 |       |       |     1 ||     2
Invok: Burn Spellbooks   |       |       |       |     7 |     1 |     1 |     6 |     2 |    11 ||    28
       Berserk           |       |       |       |     9 |    23 |    14 |     9 |     8 |    29 ||    92
       Trog's Hand       |       |       |       |       |     2 |     5 |     1 |     3 |       ||    11
       Brothers in Arms  |       |       |       |       |     2 |     7 |     3 |       |       ||    12
 Abil: Fly               |       |     1 |    17 |    42 |    15 |       |       |     2 |     4 ||    81
       Evoke Blink       |       |       |       |       |       |     1 |       |     4 |     1 ||     6
       Stop Flying       |       |       |       |       |       |       |       |     2 |     4 ||     6
Evoke: Wand              |     4 |    11 |    45 |    80 |    55 |    51 |     2 |     2 |    28 ||   278
       Lamp of fire      |       |       |       |       |     1 |     3 |     1 |       |       ||     5
       Staff of Wucad Mu |       |       |       |       |       |       |       |       |     6 ||     6
       Lightning rod     |       |       |       |       |       |       |       |       |     6 ||     6
       Box of beasts     |       |       |       |       |       |       |       |       |     2 ||     2
  Use: Potion            |       |     1 |     2 |     2 |     7 |     4 |     1 |     2 |     4 ||    23
       Scroll            |       |     4 |     3 |    11 |    16 |    12 |    18 |     6 |    24 ||    94
 Stab: Paralysed         |       |       |     3 |     9 |       |       |       |       |       ||    12
       Confused          |       |       |       |    17 |    10 |    15 |       |       |       ||    42
       Sleeping          |       |       |       |     2 |    13 |       |       |       |     2 ||    17
       Distracted        |       |       |       |     1 |     5 |       |     3 |       |     2 ||    11
  Eat: Chunk             |     1 |     7 |    11 |    25 |    45 |    22 |    25 |    23 |    50 ||   209
       Royal jelly       |       |       |     1 |     1 |       |       |       |       |     4 ||     6
       Meat ration       |       |       |       |     3 |     3 |     6 |     3 |       |     4 ||    19
       Bread ration      |       |       |       |       |       |       |       |       |     3 ||     3
Armor: Leather armour    |     4 |       |       |       |    48 |       |       |       |       ||    52
       Scale mail        |    10 |    43 |    45 |       |       |       |       |       |       ||    98
       Chain mail        |       |       |     9 |       |       |       |       |       |       ||     9
       Ring mail         |       |       |     3 |    41 |     6 |       |       |       |       ||    50
       Crystal plate arm |       |       |       |       |     4 |       |       |       |       ||     4
       Plate armour      |       |       |       |       |    74 |   374 |   213 |   174 |   241 ||  1076
       Troll leather arm |       |       |       |       |    30 |       |       |       |       ||    30
       Acid dragon scale |       |       |       |       |     6 |       |       |       |       ||     6
       Pearl dragon scal |       |       |       |       |       |       |       |       |   160 ||   160
Dodge: Dodged            |    20 |    35 |    54 |   243 |   559 |   261 |   294 |   281 |  1237 ||  2984
       Deflected         |       |       |       |       |     1 |    22 |       |       |       ||    23
Block: Shield            |     6 |    50 |    74 |   204 |   423 |    39 |       |       |       ||   796
       Large shield      |       |       |       |       |       |   744 |   931 |   308 |       ||  1983
       Buckler           |       |       |       |       |       |    22 |       |    66 |   634 ||   722
       Rpst.: Scimitar   |       |       |       |     2 |    48 |       |       |       |       ||    50
       Double sword      |       |       |       |       |       |       |     4 |    10 |     8 ||    22
